 Dungeon Crawl Stone Soup version 0.27.1 (webtiles) character file.

Game seed: 6327842864630634073

133 DearestLeader the Distorting Demonspawn (level 4, -6/35 HPs)
             Began as a Demonspawn Abyssal Knight on Aug 30, 2021.
             Was a Believer of Lugonu.
             Mangled by a wyvern skeleton (9 damage)
             ... on level 3 of the Dungeon.
             The game lasted 00:04:54 (2366 turns).

DearestLeader the Distorting Demonspawn (DsAK)      Turns: 2366, Time: 00:04:55

Health: -6/35      AC: 10    Str: 14    XL:     4   Next: 94%
Magic:  15/15      EV:  6    Int: 13    God:    Lugonu [**....]
Gold:   85         SH:  0    Dex: 12    Spells: 3/3 levels left

rFire    . . .     SeeInvis .   p - +0 war axe (vamp)
rCold    . . .     Faith    .   (no shield)
rNeg     . . .     Spirit   .   d - +0 chain mail
rPois    .         Reflect  .   i - +2 hat
rElec    .         Harm     .   (no cloak)
rCorr    .         Rampage  .   (no gloves)
Will     .....                  (no boots)
Stlth    ..........             (no amulet)
HPRegen  0.11/turn              g - ring of magical power
MPRegen  0.14/turn              (no ring)

@: no status effects
A: horns 1, demonic guardian 1, powered by death 1
a: Renounce Religion, Depart the Abyss, Bend Space


You were on level 3 of the Dungeon.
You worshipped Lugonu.
Lugonu was pleased with you.
You visited 1 branch of the dungeon, and saw 3 of its levels.
You visited the Abyss 1 time.

You collected 85 gold pieces.

Inventory:

Hand Weapons
 a - a +1 hand axe
 e - a +0 hunting sling
 p - a +0 vampiric war axe (weapon)
Missiles
 m - 46 sling bullets
 o - 14 arrows
Armour
 b - a +0 leather armour
 d - a +0 chain mail (worn)
 h - a +0 ring mail
 i - a +2 hat (worn)
 j - a +0 scale mail
Jewellery
 g - a ring of magical power (left hand)
 r - a ring of fire
Scrolls
 c - 2 scrolls of magic mapping
 f - a scroll of brand weapon {unknown}
 k - 2 scrolls of teleportation
 l - a scroll of amnesia {unknown}
 q - a scroll of enchant armour {unknown}
Potions
 n - a potion of degeneration


   Skills:
 - Level 3.0 Fighting
 * Level 3.5 Axes
 - Level 2.0 Armour
 - Level 2.0 Dodging
 + Level 3.9 Invocations


You had 3 spell levels left.
You didn't know any spells.
Your spell library was empty.

Dungeon Overview and Level Annotations

Branches:
Dungeon (3/15)

Altars:
Ashenzari


Innate Abilities, Weirdness & Mutations

You have a pair of small horns on your head.
A weak demonic guardian rushes to your aid.
You regenerate a little health from kills.


Message History

Your chain mail prevents you from hitting the orc wizard.
The orc wizard is almost dead.
The orc wizard casts a spell at you.
The puff of flame hits you but does no damage.
The orc wizard casts a spell at you.
You are confused.
You bump into the rock wall.
The orc wizard hits you but does no damage.
Unknown command.
You hit the orc wizard.
You feel better.
You kill the orc wizard!
Lugonu accepts your kill.
The wyvern skeleton bites you but does no damage.
You bump into the rock wall.
The wyvern skeleton bites you.
You barely miss the wyvern skeleton. You headbutt the wyvern skeleton.
The wyvern skeleton is moderately damaged.
The wyvern skeleton bites you but does no damage.
The wyvern skeleton barely misses you.
You bump into the rock wall.
The wyvern skeleton bites you but does no damage.
You hit the wyvern skeleton but do no damage.
You headbutt the wyvern skeleton.
The wyvern skeleton is heavily damaged.
You feel less confused. The wyvern skeleton bites you!
* * * LOW HITPOINT WARNING * * *
A demonic guardian appears!
The wyvern skeleton bites you but does no damage.
The wyvern skeleton barely misses you.
Your white imp hits the wyvern skeleton.
Your white imp freezes the wyvern skeleton.
The wyvern skeleton completely resists.
Okay, then.
The wyvern skeleton barely misses you.
Your white imp hits the wyvern skeleton.
Your white imp freezes the wyvern skeleton.
The wyvern skeleton completely resists.
The wyvern skeleton bites you but does no damage.
The wyvern skeleton bites you!
You die...

#...#.# #.#..##
≈≈###≈.####...#.##########
≈≈≈≈≈≈.............<......#
≈≈≈≈≈≈≈...##..##########.#.#
≈≈≈≈###≈.###..# ≈≈ ..#.#
#.5# . #.⌠.#.# #..#
#...#.###.Z###.#.#
..###.......@....# ..
....#######..... ##. .## #


You could see a wyvern skeleton (ally target) and a friendly white imp
(summoned).

Vanquished Creatures
  An orc priest (D:3)
  An orc wizard (D:3)
  2 adders (D:2)
  A worm (D:2)
  A dart slug (D:1)
  6 orcs
  5 ball pythons
  5 endoplasms
  4 giant cockroaches
  A goblin (D:1)
  A hobgoblin (D:2)
  2 jackals (D:1)
  9 kobolds
  2 quokkas
  3 bats
  2 frilled lizards (D:1)
  4 rats
50 creatures vanquished.

Vanquished Creatures (collateral kills)
  A goblin (D:1)
  A kobold (D:1)
2 creatures vanquished.

Grand Total: 52 creatures vanquished

Notes
Turn   | Place    | Note
-------+----------+-------------------------------------------
     0 | Abyss:1  | DearestLeader the Demonspawn Abyssal Knight began the quest
                  | for the Orb.
     0 | Abyss:1  | Reached XP level 1. HP: 18/18 MP: 2/2
    40 | D:1      | Escaped the Abyss
    67 | D:1      | Reached * piety under Lugonu
    68 | D:1      | Reached skill level 1 in Dodging
   281 | D:1      | Gained mutation: A weak demonic guardian rushes to your
                  | aid. [demonic ancestry]
   281 | D:1      | Reached XP level 2. HP: 24/24 MP: 4/4
   807 | D:1      | Gained mutation: You regenerate a little health from kills.
                  | [demonic ancestry]
   807 | D:1      | Reached XP level 3. HP: 29/29 MP: 5/5
   910 | D:1      | Reached ** piety under Lugonu
  1925 | D:2      | Found a faded altar of an unknown god.
  2077 | D:2      | Gained mutation: You have a pair of small horns on your
                  | head. [demonic ancestry]
  2077 | D:2      | Reached XP level 4. HP: 27/35 MP: 6/6
  2155 | D:2      | Found a broken altar of Ashenzari.
  2356 | D:3      | HP: 1/35 [wyvern skeleton (12)]
  2366 | D:3      | Mangled by a wyvern skeleton

Illustrated notes

Levels and vault maps discovered:
D:1:      minmay_arrival_arboretum_small, layout_basic
D:2:      layout_basic, shapermc_ecumenical_altar_starsandcircs, basic_altar,
          kennysheep_generic_room_14
D:3:      layout_loops_ring, nicolae_overflow_hidden_temple,
          mainiacjoe_overflow_two_lobes, beargit_hepliaklqana_dungeon_heroes,
          mainiacjoe_overflow_alcove_1, mainiacjoe_overflow_catwalk,
          fountainhead, kennysheep_big_empty_room

Skill      XL: |  1  2  3  4 |
---------------+-------------+-----
Dodging        | 1 2 |  2.0
Axes           | 2 3 |  3.5
Armour         | 2 |  2.0
Invocations    | 3 |  3.9
Fighting       | |  3.0

Action                   |  1- 3 |  4- 6 || total
-------------------------+-------+-------++-------
Melee: Hand axe          |    91 |       ||    91
       War axe           |    19 |    28 ||    47
       Headbutt          |       |     5 ||     5
Invok: Depart the Abyss  |     1 |       ||     1
  Use: Scroll            |     3 |       ||     3
       Potion            |       |     1 ||     1
Armor: Leather armour    |     3 |       ||     3
       Ring mail         |     5 |       ||     5
       Scale mail        |    33 |       ||    33
       Chain mail        |     7 |    43 ||    50
Dodge: Dodged            |    48 |    14 ||    62
